 Dungeon Crawl Stone Soup version 0.27-a0-1085-gf0060e8 (webtiles) character file.

Game seed: 15457509447183391693

43666 GeorgeSoros the Frost Mage (level 14, 0/109 HPs)
             Began as a Merfolk Ice Elementalist on Apr 25, 2021.
             Was a High Priest of Qazlal.
             Slain by a four-headed hydra (7 damage)
             ... on level 6 of the Lair of Beasts on Apr 26, 2021.
             The game lasted 01:20:32 (21662 turns).

GeorgeSoros the Frost Mage (MfIE)                  Turns: 21662, Time: 01:20:32

Health: 0/109      AC: 19    Str: 16    XL:     14   Next: 25%
Magic:  10/21      EV: 18    Int: 18    God:    Qazlal [*****.]
Gold:   1663       SH: 16    Dex: 14    Spells: 16/23 levels left

rFire    . . .     SeeInvis .   H - +3 trident (elec)
rCold    + + .     Faith    .   I - +0 buckler
rNeg     . . .     Spirit   .   F - +2 robe {Archmagi}
rPois    .         Reflect  +   (no helmet)
rElec    .         Harm     .   a - +0 cloak
rCorr    .         Rampage  .   N - +0 pair of gloves of the Trilobite {rC+}
Will     +....                  (no boots)
Stlth    +.........             i - amulet of reflection
HPRegen  0.28/turn              e - ring of protection from cold
MPRegen  0.17/turn              B - +6 ring of strength

@: ice-armoured, about to teleport, protected from physical damage, freezing
walls, repel missiles
A: (nimble swimmer 2), mertail
a: Renounce Religion, Upheaval, Elemental Force, Disaster Area


You were on level 6 of the Lair of Beasts.
You worshipped Qazlal.
Qazlal was extremely pleased with you.
You visited 3 branches of the dungeon, and saw 17 of its levels.

You collected 1663 gold pieces.

Inventory:

Hand Weapons
 H - a +3 trident of electrocution (weapon)
Missiles
 m - 115 poisoned darts
 D - a throwing net
 Q - a curare-tipped dart
Armour
 a - a +0 cloak (worn)
 y - a +2 robe of willpower
 F - a +2 robe of the Archmagi (worn)
 I - a +0 buckler (worn)
 N - the +0 pair of gloves of the Trilobite (worn) {rC+}
   (You found it on level 1 of the Lair of Beasts)

   It protects you from cold.
Jewellery
 e - a ring of protection from cold (left hand)
 i - an amulet of reflection (around neck)
 r - a ring of see invisible
 s - an amulet of the acrobat
 v - a ring of flight
 B - a +6 ring of strength (right hand)
 G - a ring of willpower
 O - a ring of resist corrosion
 S - a +4 ring of evasion
Wands
 j - a wand of polymorph (32)
 q - a wand of paralysis (10)
 x - a wand of digging (17)
 z - a wand of mindburst (9)
 A - a wand of charming (9)
 E - a wand of flame (31)
 J - a wand of iceblast (26)
Scrolls
 l - 4 scrolls of teleportation
 n - 2 scrolls of enchant armour
 C - 2 scrolls of blinking
 R - a scroll of amnesia
 U - a scroll of immolation
Potions
 b - 3 potions of lignification
 d - 4 potions of mutation
 f - 4 potions of brilliance
 g - 3 potions of flight
 h - 2 potions of curing
 k - a potion of berserk rage {unknown}
 t - 2 potions of cancellation {unknown}
 u - a potion of might {unknown}
 K - 2 potions of attraction {unknown}
 L - 3 potions of haste {unknown}
 M - a potion of degeneration {unknown}
 P - a potion of resistance {unknown}
 T - a potion of invisibility {unknown}


   Skills:
 + Level 9.8 Fighting
 - Level 14.0 Polearms
 + Level 13.2 Dodging
 - Level 2.1 Stealth
 - Level 4.0 Shields
 - Level 5.0 Spellcasting
 + Level 14.2 Ice Magic
 - Level 5.8 Invocations
 - Level 8.8 Evocations


You had 16 spell levels left.
You knew the following spells:

 Your Spells              Type           Power      Damage    Failure   Level
a - Freeze                Ice            100%       1d11      1%          1
b - Frozen Ramparts       Ice            100%       1d12      1%          3
c - Ozocubu's Armour      Ice            70%        N/A       1%          3

Your spell library contained the following spells:

 Spells                   Type           Power      Damage    Failure   Level
 Ensorcelled Hibernation  Hex/Ice        90%        N/A       1%          2
 Hailstorm                Conj/Ice       45%        3d10      7%          4
 Ice Form                 Ice/Tmut       45%        N/A       7%          4
 Beastly Appendage        Tmut           12%        N/A       13%         1
 Corona                   Hex            6%         N/A       13%         1
 Foxfire                  Conj/Fire      24%        2x1d5     13%         1
 Slow                     Hex            6%         N/A       21%         2
 Wereblood                Tmut           6%         N/A       21%         2
 Metabolic Englaciation   Hex/Ice        22%        N/A       21%         5
 Confusing Touch          Hex            6%         N/A       36%         3
 Conjure Flame            Conj/Fire      6%         6-21      36%         3
 Dazzling Flash           Conj/Hex       12%        N/A       36%         3
 Inner Flame              Hex/Fire       6%         N/A       36%         3
 Portal Projectile        Hex/Tloc       12%        N/A       36%         3
 Spider Form              Tmut/Pois      3%         N/A       36%         3
 Tukima's Dance           Hex            6%         N/A       36%         3
 Cause Fear               Hex            3%         N/A       78%         4
 Leda's Liquefaction      Hex/Erth       3%         N/A       78%         4
 Sticky Flame             Conj/Fire      6%         2d3       78%         4
 Bolt of Magma            Conj/Fire/Erth 3%         4d5       98%         5
 Fireball                 Conj/Fire      3%         3d4       98%         5
 Hydra Form               Tmut           3%         N/A       98%         5
 Iskenderun's Battlesphe  Conj           6%         2d6       98%         5
 Iron Shot                Conj/Erth      3%         9d2       100%        6
 Orb of Destruction       Conj           3%         9d1       100%        7
 Spellforged Servitor     Conj/Summ      3%         N/A       100%        7


Dungeon Overview and Level Annotations

Branches:
Dungeon (10/15)            Temple (1/1) D:7            Lair (6/6) D:10
 Shoals (0/4) Lair:2       Spider (0/4) Lair:2        Slime (0/5) Lair:5
    Orc (0/2) D:9

Altars:
Ashenzari
Cheibriados
Dithmenos
Elyvilon
Fedhas
Gozag
Hepliaklqana
Kikubaaqudgha
Makhleb
Nemelex Xobeh
Okawaru
Qazlal
Ru
Sif Muna
Trog
Uskayaw
Vehumet
Wu Jian
Xom
Yredelemnul
Zin
The Shining One
Jiyva

Shops:
D:3 (   D:6 =

Annotations:
Lair:3 exclusion: oklob plant


Innate Abilities, Weirdness & Mutations

((You are quick and stealthy near water. (Stealth+, EV+, Speed+++)))
Your lower body shifts to a powerful aquatic tail in water.


Message History

You block the four-headed hydra's attack. x2
The four-headed hydra bites you!
You feel more protected from physical attacks.
The wall freezes the wolf.
The wolf closely misses you.
As you read the scroll of teleportation, it crumbles to dust.
You feel strangely unstable.
You hear a croak.
The wall freezes the wolf.
The wolf barely misses you.
The wall freezes the elephant.
You block the elephant's attack. The elephant barely misses you.
You block the four-headed hydra's attack. x2
The four-headed hydra bites you! The four-headed hydra misses you.
You hear a bellow!
You are too injured to fight recklessly!
You hit the wolf.
The wolf is heavily wounded.
The wall freezes the wolf.
The wolf bites you.
The wall freezes the elephant!
The elephant tramples you!
You feel more protected from physical attacks.
You hold your ground!
The elephant trunk-slaps you.
* * * LOW HITPOINT WARNING * * *
The four-headed hydra misses you.
You block the four-headed hydra's attack.
The four-headed hydra bites you!
* * * LOW HITPOINT WARNING * * *
You feel more protected from physical attacks.
The four-headed hydra bites you.
* * * LOW HITPOINT WARNING * * *
Casting: Frozen Ramparts (safe; 1% risk of failure)
Confirm with . or Enter, or press ? or * to list all spells.
You feel a surge of power! A film of ice covers your body!
You hear a bellow!
The wall freezes the wolf.
The wolf completely misses you.
The wall freezes the wolf.
The wolf completely misses you.
The wall freezes the elephant.
You block the elephant's attack. x2
The four-headed hydra bites you but does no damage.
The four-headed hydra bites you.
* * * LOW HITPOINT WARNING * * *
The four-headed hydra bites you!
You die...
P

... #####P....
#@Y......#
#..°h§D.÷...##
F......○○...###
####.P.....##
###.P..## .Ph.
###.## ######
..P. #..#..#
...h##......#
....#......##


You could see a four-headed hydra, an elephant, a blink frog and a wolf.

Vanquished Creatures
  8 hydras
  A centaur warrior (D:9)
  A two-headed ogre (D:10)
  11 death yaks
  Pikel (D:9)
  A lindwurm (Lair:5)
  The ghost of yakattack the Gouger, a novice FeBe of Trog (Lair:2)
  2 elephants (Lair:6)
  3 ugly things (D:9)
  5 black mambas
  2 merfolk sirens (Lair:2)
  A torpor snail (Lair:5)
  9 cane toads
  6 rime drakes
  8 komodo dragons
  2 polar bears
  3 trolls
  Prince Ribbit (D:9)
  A hornet (Lair:3)
  2 merfolk (Lair:2)
  11 blink frogs
  38 yaks
  4 wyverns
  A basilisk (Lair:1)
  A vampire mosquito (D:7)
  11 water moccasins
  5 orc warriors
  Duvessa (D:5)
  An ice beast (D:7)
  3 black bears
  A necrophage (D:5)
  2 ogres
  25 wolves
  6 centaurs
  3 lemures (D:9)
  3 kobold brigands
  17 bullfrogs
  A gnoll sergeant (D:9)
  5 scorpions
  A water moccasin skeleton (D:5)
  Dowan (D:5)
  5 killer bees (D:6)
  4 wights (D:8)
  A howler monkey (D:7)
  An electric eel (D:10)
  A centaur zombie (D:6)
  2 jellies (D:6)
  10 hounds
  2 centaur skeletons
  5 orc priests
  A gnoll shaman (D:9)
  4 iguanas
  5 orc wizards
  A killer bee zombie (D:8)
  A hound zombie (D:5)
  A hound skeleton (D:4)
  A howler monkey zombie (D:7)
  8 adders
  3 gnolls (D:9)
  A howler monkey skeleton (D:7)
  2 shadow imps
  2 white imps
  An ufetubus (D:4)
  2 worms
  5 dart slugs
  24 orcs
  8 ball pythons
  6 bats
  3 endoplasms
  4 giant cockroaches
  9 goblins
  11 hobgoblins
  7 jackals
  8 quokkas
  4 frilled lizards (D:1)
  13 kobolds
  7 rats
  A butterfly (Lair:2)
384 creatures vanquished.

Vanquished Creatures (collateral kills)
  A basilisk (Lair:2)
  A water moccasin (Lair:2)
2 creatures vanquished.

Vanquished Creatures (others)
  32 fungi
  30 plants
62 creatures vanquished.

Grand Total: 448 creatures vanquished

Notes
Turn   | Place    | Note
-------+----------+-------------------------------------------
     0 | D:1      | GeorgeSoros the Merfolk Ice Elementalist began the quest
                  | for the Orb.
     0 | D:1      | Reached XP level 1. HP: 13/13 MP: 3/3
   188 | D:1      | Reached XP level 2. HP: 17/20 MP: 0/5
   371 | D:1      | Reached skill level 1 in Fighting
  1045 | D:2      | Noticed an ogre
  1047 | D:2      | Reached XP level 3. HP: 21/26 MP: 2/6
  1240 | D:2      | Reached skill level 5 in Ice Magic
  1240 | D:2      | Reached XP level 4. HP: 23/33 MP: 0/7
  1409 | D:1      | Learned a level 3 spell: Frozen Ramparts
  1413 | D:1      | Learned a level 3 spell: Ozocubu's Armour
  1996 | D:2      | Killed an ogre
  1997 | D:2      | Reached XP level 5. HP: 16/41 MP: 0/8
  2481 | D:3      | Found Oramu's Weapon Shop.
  2822 | D:3      | Found a faded altar of an unknown god.
  3161 | D:3      | Reached XP level 6. HP: 47/47 MP: 5/9
  3705 | D:4      | Noticed a black bear
  3717 | D:4      | Killed a black bear
  3718 | D:4      | Reached skill level 1 in Polearms
  4160 | D:4      | Reached XP level 7. HP: 54/54 MP: 10/10
  4652 | D:5      | Entered Level 5 of the Dungeon
  5414 | D:5      | Noticed Dowan
  5450 | D:5      | Killed Dowan
  5562 | D:5      | Noticed Duvessa
  5577 | D:5      | Killed Duvessa
  5853 | D:5      | Reached XP level 8. HP: 61/61 MP: 7/11
  5903 | D:5      | Identified a scroll of acquirement
  5903 | D:5      | Acquired 759 gold pieces
  5917 | D:5      | Found a broken altar of Ashenzari.
  5930 | D:5      | Found a shimmering altar of Xom.
  5945 | D:5      | Found a sparkling altar of Nemelex Xobeh.
  5990 | D:5      | Found a shimmering blue altar of Sif Muna.
  6041 | D:5      | Reached skill level 5 in Fighting
  6271 | D:5      | Identified the +7 hand axe of Exoneration {freeze, rPois
                  | Str+2 Int+3 Dex-2}
  6692 | D:6      | Reached skill level 5 in Polearms
  7144 | D:6      | Found Guadel's Jewellery Shop.
  7678 | D:7      | Found a blossoming altar of Fedhas.
  7833 | D:7      | Reached XP level 9. HP: 69/69 MP: 5/12
  8052 | D:7      | Reached skill level 10 in Ice Magic
  8120 | D:7      | Found a staircase to the Ecumenical Temple.
  8130 | Temple   | Entered the Ecumenical Temple
  8738 | Temple   | Became a worshipper of Qazlal Stormbringer
  8856 | D:7      | Reached skill level 5 in Dodging
  8982 | D:7      | Found a faded altar of an unknown god.
  8982 | D:7      | Found a faded altar of an unknown god.
  8982 | D:7      | Found a faded altar of an unknown god.
  8982 | D:7      | Found a hazy altar of Hepliaklqana.
  8984 | D:7      | Found a faded altar of an unknown god.
  9624 | D:7      | Reached skill level 1 in Evocations
  9880 | D:8      | Upgraded the game from 0.27-a0-1083-gcf8293e to
                  | 0.27-a0-1084-g78b3836
 10052 | D:8      | Reached XP level 10. HP: 65/76 MP: 5/13
 10934 | D:9      | Found a staircase to the Orcish Mines.
 10951 | D:9      | Found a hide-covered altar of Uskayaw.
 11008 | D:9      | Noticed Prince Ribbit
 11019 | D:9      | Killed Prince Ribbit
 11316 | D:9      | Noticed Pikel
 11326 | D:9      | Killed Pikel
 11517 | D:9      | Reached * piety under Qazlal
 11557 | D:9      | Noticed a centaur warrior
 11562 | D:9      | Noticed a white ugly thing
 11564 | D:9      | Noticed a deep elf pyromancer
 11565 | D:9      | Noticed a brown ugly thing
 11565 | D:9      | Noticed a white ugly thing
 12532 | D:9      | Killed a brown ugly thing
 12538 | D:9      | Killed a purple ugly thing
 12540 | D:9      | Killed a purple ugly thing
 12541 | D:9      | Reached skill level 10 in Polearms
 12712 | D:9      | Identified the +10 hunting sling "Huetif" {flame, *Corrode
                  | rElec rN++ Will+}
 12713 | D:9      | Identified the +1 leather armour of Fewnutor {+Inv rC+
                  | Will+ SInv}
 12770 | D:9      | Reached XP level 11. HP: 58/81 MP: 6/14
 12865 | D:9      | Killed a centaur warrior
 13173 | D:10     | Entered Level 10 of the Dungeon
 13213 | D:10     | Found a staircase to the Lair.
 13619 | D:10     | Noticed a two-headed ogre
 13644 | D:10     | Killed a two-headed ogre
 13645 | D:10     | Reached skill level 5 in Evocations
 13965 | D:10     | Found a radiant altar of Vehumet.
 14037 | D:10     | Reached ** piety under Qazlal
 14079 | D:10     | Found a burning altar of Makhleb.
 14083 | D:10     | Found a snail-covered altar of Cheibriados.
 14375 | Lair:1   | Entered Level 1 of the Lair of Beasts
 14375 | Lair:1   | Noticed an eight-headed hydra
 14377 | Lair:1   | Identified the +0 pair of gloves of the Trilobite {rC+}
 14403 | D:10     | Killed an eight-headed hydra
 14961 | Lair:1   | Upgraded the game from 0.27-a0-1084-g78b3836 to
                  | 0.27-a0-1085-gf0060e8
 15416 | Lair:1   | Reached XP level 12. HP: 88/88 MP: 11/15
 16459 | Lair:2   | Reached skill level 1 in Invocations
 16516 | Lair:2   | Found a runed translucent door.
 16561 | Lair:2   | Noticed yakattack's ghost (novice FeBe)
 16581 | Lair:2   | Killed yakattack's ghost
 17061 | Lair:2   | Noticed a five-headed hydra
 17080 | Lair:2   | Killed a five-headed hydra
 17156 | Lair:2   | Noticed a seven-headed hydra
 17169 | Lair:2   | Killed a seven-headed hydra
 17510 | Lair:2   | Found a hole to the Spider Nest.
 17510 | Lair:2   | Found a staircase to the Shoals.
 18024 | Lair:3   | Reached *** piety under Qazlal
 18130 | Lair:3   | Identified the +4 whip of Paper {vorpal, rElec rC++ rN+
                  | Dex-3}
 18309 | Lair:3   | Noticed a five-headed hydra
 18322 | Lair:3   | Killed a five-headed hydra
 18323 | Lair:3   | Reached skill level 10 in Dodging
 18501 | Lair:3   | Reached XP level 13. HP: 93/93 MP: 9/16
 18719 | Lair:3   | Reached skill level 5 in Invocations
 20019 | Lair:5   | Reached **** piety under Qazlal
 20462 | Lair:5   | Found a viscous altar of Jiyva.
 20463 | Lair:5   | Found a staircase to the Slime Pits.
 20978 | Lair:6   | Entered Level 6 of the Lair of Beasts
 21023 | Lair:6   | Reached skill level 5 in Spellcasting
 21066 | Lair:5   | Reached XP level 14. HP: 52/108 MP: 16/21
 21322 | Lair:6   | Reached ***** piety under Qazlal
 21662 | Lair:6   | Slain by a four-headed hydra

Illustrated notes

Levels and vault maps discovered:
D:1:      psy_arrival_statuary, layout_basic, minmay_pentomino_r2
D:2:      layout_rooms
D:3:      layout_basic, serial_shops, shop, ebering_ecumenical_altar_box,
          glass_columns_a, minivault_23, grunt_ministairs_1,
          roderic_roman_lattice, minmay_three_crescents
D:4:      layout_basic, grunt_ministairs_2, minmay_statues_item
D:5:      layout_gridville, nicolae_overflow_quartered_altars, uniq_duvessa
D:6:      layout_loops_cross, serial_shops, shop
D:7:      layout_basic, nicolae_hepliaklqana_ecumenical_no_more,
          amcnicky_altar_gilded, minmay_temple_entry_stoned_glass, st_stairs_1,
          kennysheep_donut, minmay_increasing_density
D:8:      layout_rooms
D:9:      minmay_the_grid_triangle_9x9_recursive_2
          [minmay_the_grid_triangle_9x9_prize_schism,
          minmay_the_grid_triangle_9x9_cache,
          minmay_the_grid_triangle_9x9_odd_lines,
          minmay_the_grid_triangle_9x9_corrupted_corridor], layout_basic,
          nicolae_uskayaw_suspiria, minmay_misc_feat_square, uniq_pikel,
          uniq_prince_ribbit1
D:10:     layout_loops_cross, minmay_overflow_temple_star_quad,
          erik_lair_island, grunt_ministairs_3
Temple:   chequers_temple_sunken
Lair:1:   layout_hall_layers, eino_small_chamber_without_monster,
          lemuel_fruit_fields
Lair:2:   layout_hall_layers, elwin_shoals_entry_stream, dummy_spider_entry,
          gammafunk_ghost_grave, eino_small_chamber_without_monster,
          lemuel_fruit_fields, grunt_megastairs_3, serial_bayou_shore_b
Lair:3:   layout_misc_corridors, minmay_lair_oklob_chamber
Lair:4:   layout_small_grid, infiniplex_staircase_pool, lemuel_fruit_tree
Lair:5:   layout_regular_city, slime_altar_1
Lair:6:   grunt_lair_end_beastmaster, layout_loops_ring, serial_bayou_pond_d

Skill      XL: |  1  2  3  4  5  6  7  8  9 10 11 12 13 14 |
---------------+-------------------------------------------+-----
Dodging        | 3 4 6 8 10 12 13 | 13.2
Fighting       | 1 2 3 4 6 9 |  9.8
Ice Magic      | 5 6 7 8 9 11 12 13 14 | 14.2
Polearms       | 2 4 6 8 10 12 13 14 | 14.0
Evocations     | 2 4 6 8 |  8.8
Shields        | 4 |  4.0
Invocations    | 4 5 |  5.8
Spellcasting   | 5 |  5.0
Stealth        | |  2.1

Action                   |  1- 3 |  4- 6 |  7- 9 | 10-12 | 13-15 || total
-------------------------+-------+-------+-------+-------+-------++-------
Melee: Unarmed           |     2 |       |       |       |       ||     2
       Mace              |     1 |    14 |       |       |       ||    15
       Spear             |       |    43 |       |       |       ||    43
       Falchion          |       |     1 |       |       |       ||     1
       Trident           |       |    24 |   222 |   467 |   263 ||   976
Throw: Dart              |       |       |     5 |     1 |       ||     6
 Cast: Freeze            |    41 |    62 |     9 |     1 |       ||   113
       Frozen Ramparts   |       |     8 |    45 |    72 |    38 ||   163
       Ozocubu's Armour  |       |     3 |    26 |    47 |    19 ||    95
Evoke: Wand              |       |       |     3 |     8 |       ||    11
  Use: Scroll            |     3 |     7 |     3 |     7 |     7 ||    27
       Potion            |       |       |     1 |     2 |     3 ||     6
 Stab: Sleeping          |       |     4 |     1 |       |       ||     5
       Distracted        |       |     1 |       |       |       ||     1
Armor: Robe              |     4 |    12 |    42 |    95 |    26 ||   179
       Leather armour    |       |     3 |    26 |       |       ||    29
Dodge: Dodged            |    14 |    72 |   113 |   192 |    95 ||   486
       Repelled          |       |       |       |       |     1 ||     1
Block: Other             |       |    13 |    49 |    83 |       ||   145
       Reflection        |       |       |     3 |     3 |       ||     6
       Buckler           |       |       |       |    86 |   140 ||   226

Table legend: (Time is in decaauts)
 A = Elapsed time spent in this place.
 B = Non-inter-level travel time spent in this place.
 C = Inter-level travel time spent in this place.
 D = Time resting spent in this place.
 E = Time spent auto-exploring this place.
 F = Levels seen in this place.
 G = Mean time per level.
                   A        B        C        D        E       F      G
               +--------+--------+--------+--------+--------+-----+--------+
         Total |  21190 |  20549 |    641 |   1134 |  16314 |  17 | 1246.5 |
       Dungeon |  14530 |  14069 |    461 |    772 |  11092 |  10 | 1453.0 |
        Temple |    380 |    373 |      7 |      0 |    356 |   1 |  380.0 |
          Lair |   6279 |   6107 |    172 |    362 |   4865 |   6 | 1046.5 |
               +--------+--------+--------+--------+--------+-----+--------+

Top non-repeatable levels by time:
     D:9: 1983 daAuts
    D:10: 1970 daAuts
     D:5: 1794 daAuts
  Lair:2: 1585 daAuts
     D:1: 1513 daAuts
     D:7: 1510 daAuts
     D:8: 1365 daAuts
  Lair:5: 1292 daAuts
     D:6: 1233 daAuts
     D:4: 1198 daAuts
  Lair:1: 1165 daAuts
  Lair:4: 1120 daAuts
     D:3: 1048 daAuts
     D:2: 911 daAuts
  Lair:3: 802 daAuts
